 Dungeon Crawl Stone Soup version 0.32-a0-909-gc671339a80 (webtiles) character file.

Game seed: 10263888585422307111

208 GeoRichter the Firebug (level 5, -1/38 HPs)
             Began as a Mountain Dwarf Fire Elementalist on Apr 7, 2024.
             Slain by a gnoll
             ... wielding a +0 whip
              (6 damage)
             ... on level 4 of the Dungeon.
             The game lasted 00:04:18 (3013 turns).

GeoRichter the Firebug (MDFE)                       Turns: 3013, Time: 00:04:19

Health: -1/38      AC:  6    Str: 10    XL:     5   Next: 55%
Magic:  3/9        EV:  9    Int: 18    God:
Gold:   130        SH:  0    Dex: 10    Spells: 6/9 levels left

rFire   . . .        c - +0 dagger
rCold   . . .        (no shield)
rNeg    . . .        e - +1 ring mail
rPois   .            (no helmet)
rElec   .            (no cloak)
rCorr   +            (no gloves)
SInv    .            (no boots)
Will    .....        (no amulet)
Stlth   +            h - ring of resist corrosion
HPRegen 0.26/turn    (no ring)
MPRegen 0.11/turn

%: no passive effects
@: no status effects
A: runic magic, artefact enchanting
a: no special abilities


You were on level 4 of the Dungeon.
You visited 1 branch of the dungeon, and saw 4 of its levels.

You collected 130 gold pieces.

Inventory:

Hand Weapons
 c - a +0 dagger (weapon)
   (You took it off a kobold on level 1 of the Dungeon)
Armour
 e - a +1 ring mail (worn)
   (You found it on level 1 of the Dungeon)
Jewellery
 b - an amulet of reflection
   (You found it on level 2 of the Dungeon)
 h - a ring of resist corrosion (left hand)
   (You found it on level 2 of the Dungeon)
Scrolls
 i - a scroll of enchant weapon {unknown}
 m - a scroll of teleportation {unknown}
Potions
 d - a potion of attraction {!q}
 j - 2 potions of curing {@q1}
 k - a potion of might
 l - a potion of brilliance


   Skills:
 - Level 1.3 Dodging
 - Level 1.4 Stealth
 + Level 2.8 Spellcasting
 - Level 0.8 Conjurations
 * Level 6.9 Fire Magic


You had 6 spell levels left.
You knew the following spells:

 Your Spells              Type           Power      Damage    Failure   Level
a - Foxfire               Conj/Fire      64%        2x1d7     4%          1
b - Scorch                Fire           54%        2d7       1%          2

Your spell library contained the following spells:

 Spells                   Type           Power      Damage    Failure   Level
 Inner Flame              Hex/Fire       15%        N/A       16%         3
 Volatile Blastmotes      Fire/Tloc      30%        2d12      16%         3
 Flame Wave               Conj/Fire      16%        2d7       38%         4
 Call Canine Familiar     Summ           2%         N/A       54%         3
 Sigil of Binding         Hex            2%         N/A       54%         3
 Dimensional Bullseye     Hex/Tloc       1%         N/A       91%         4


Dungeon Overview and Level Annotations

Branches:
Dungeon (4/15) Zot: 20987
 Temple: D:4-7

Altars:

Shops:
D:3 (


Innate Abilities, Weirdness & Mutations

Your spellcasting is much less encumbered by armour.
You can use scrolls of enchantment on lesser artefacts.


Message History

The foxfire hits the gnoll.
The gnoll is heavily wounded.
You conjure some foxfire!
The foxfire hits the gnoll but does no damage.
The gnoll is heavily wounded.
The foxfire hits the gnoll.
The gnoll is severely wounded.
The gnoll hits you with a +0 flail.
You conjure some foxfire!
The gnoll hits you with a +0 club. The gnoll barely misses you.
The gnoll hits you but does no damage.
The foxfire hits the gnoll.
The gnoll is almost dead.
The foxfire hits the gnoll.
You kill the gnoll!
The gnoll hits you with a +0 flail.
The gnoll hits you from afar with a +0 spear.
Casting: Foxfire (safe; 4% risk of failure)
Confirm with . or Enter, or press ? or * to list all spells.
Flames lash the gnoll.
The gnoll is moderately wounded.
The gnoll's fire resistance burns away.
You hear an angry hiss.
The gnoll hits you from afar with a +0 spear.
* * * LOW HITPOINT WARNING * * *
The gnoll hits you with a +0 flail.
* * * LOW HITPOINT WARNING * * *
The gnoll hits you with a +0 whip.
* * * LOW HITPOINT WARNING * * *
Okay, then.
The gnoll attacks as it pursues you! The gnoll barely misses you.
Okay, then.
The air fills with toxic fumes!
As you read the scroll labelled BIUTHOU HOKKEO, it crumbles to dust.
It was a scroll of poison.
The gnoll hits you with a +0 whip.
* * * LOW HITPOINT WARNING * * *
The gnoll barely misses you.
Casting: Scorch (safe; 1% risk of failure)
Confirm with . or Enter, or press ? or * to list all spells.
Flames lash the gnoll.
The gnoll is heavily wounded.
The gnoll's fire resistance burns away.
The gnoll is no longer more vulnerable to fire.
The gnoll hits you with a +0 flail.
* * * LOW HITPOINT WARNING * * *
The gnoll hits you but does no damage. The gnoll barely misses you.
As you read the scroll labelled LOASCH HAUKHUOMYUC, it crumbles to dust.
It is a scroll of enchant armour.
Your +0 ring mail glows green for a moment.
The gnoll closely misses you. The gnoll hits you with a +0 whip.
You die...

....... .§§§§§§
..§§§§§ ...§§§§
....§§§
.....§S###
......g§§#####§
#gg§§§§§§
####@§§##...
###§§§§§§§#.
#§§§§§§§§§§§§#
#§§§§§§§§§§§§#
#§§§§§§§§§§§§#
##§§§§§§§§§§§§
#§§§§§§§§§§§§
##§§§§§§§§§§§
##...........


You could see 3 gnolls and an adder.

Vanquished Creatures
  Terence (D:3)
  4 gnolls
  7 adders
  3 dart slugs
  A ribbon worm (D:2)
  An orc (D:3)
  11 ball pythons
  4 bats
  7 endoplasms
  7 giant cockroaches
  8 hobgoblins
  6 kobolds
  A quokka (D:3)
  5 frilled lizards
  3 goblins
  6 rats
75 creatures vanquished.

Vanquished Creatures (others)
  166 foxfires
166 creatures vanquished.

Grand Total: 241 creatures vanquished

Notes
Turn   | Place    | Note
-------+----------+-------------------------------------------
     0 | D:1      | GeoRichter the Mountain Dwarf Fire Elementalist began the
                  | quest for the Orb.
     0 | D:1      | Reached XP level 1. HP: 14/14 MP: 3/3
    47 | D:1      | Reached skill level 4 in Fire Magic
   169 | D:1      | Reached XP level 2. HP: 20/20 MP: 2/4
   324 | D:1      | Found a faded altar of an unknown god.
   514 | D:1      | Learned a level 2 spell: Scorch
   568 | D:1      | Reached skill level 5 in Fire Magic
   929 | D:2      | Reached XP level 3. HP: 25/26 MP: 1/5
  1460 | D:2      | Reached XP level 4. HP: 33/33 MP: 3/7
  1867 | D:3      | Noticed Terence
  1878 | D:2      | Reached skill level 6 in Fire Magic
  2291 | D:3      | Reached XP level 5. HP: 38/38 MP: 5/8
  2379 | D:3      | Found Xoanox's Antique Weapon Shoppe.
  2588 | D:3      | Killed Terence
  3013 | D:4      | Slain by a gnoll

Illustrated notes

Levels and vault maps discovered:
D:1:      heliophobic_arrival_glass_houses, layout_basic, basic_ecumenical_altar
D:2:      layout_basic, minmay_tripent
D:3:      layout_basic, serial_shops, nicolae_shop_tiny_waterfront, uniq_terence
D:4:      layout_cave_pods

Skill      XL: |  1  2  3  4 |
---------------+-------------+-----
Fire Magic     | 4 5 6 |  6.9
Spellcasting   | 2 |  2.8
Dodging        | |  1.3
Stealth        | |  1.4
Conjurations   | |  0.8

Action                     |  1- 3 |  4- 6 || total
---------------------------+-------+-------++-------
  Melee: Dagger            |    32 |     7 ||    39
   Cast: Foxfire           |    49 |    45 ||    94
         Scorch            |       |    15 ||    15
    Use: Potion            |       |     1 ||     1
         Scroll            |       |     7 ||     7
 Armour: Ring mail         |    27 |    33 ||    60
         Robe              |     1 |       ||     1
  Dodge: Dodged            |    18 |    21 ||    39

Table legend: (Time is in decaauts)
 A = Elapsed time spent in this place.
 B = Non-inter-level travel time spent in this place.
 C = Inter-level travel time spent in this place.
 D = Time resting spent in this place.
 E = Time spent auto-exploring this place.
 F = Levels seen in this place.
 G = Mean time per level.
                   A        B        C        D        E       F      G
               +--------+--------+--------+--------+--------+-----+--------+
         Total |   3011 |   2922 |     89 |     31 |   2404 |   4 |  752.8 |
       Dungeon |   3011 |   2922 |     89 |     31 |   2404 |   4 |  752.8 |
               +--------+--------+--------+--------+--------+-----+--------+

Top non-repeatable levels by time:
     D:2: 1084 daAuts
     D:3: 964 daAuts
     D:1: 833 daAuts
     D:4: 128 daAuts
